 Dungeon Crawl Stone Soup version 0.31-a0-365-gcf821cafb2 (webtiles) character file.

Game seed: 1516959596508140103

1194 LeprechaunX the Ruffian (level 8, 0/81 HPs)
             Began as an Octopode Shapeshifter on July 28, 2023.
             Was an Initiate of Cheibriados.
             Shot with an arrow by an orc warrior (10 damage)
             ... on level 4 of the Dungeon.
             The game lasted 00:05:08 (3090 turns).

LeprechaunX the Ruffian (Octopode Shapeshifter)     Turns: 3090, Time: 00:05:08

Health: 0/81       AC: 28    Str: 17    XL:     8   Next: 44%
Magic:  9/9        EV:  2    Int: 12    God:    Cheibriados [......]
Gold:   155        SH:  5    Dex: 13    Spells: 7/7 levels left

rFire   . .          .
                       - Unarmed
rCold   . . .        (no shield)
rNeg    . . .        (helmet currently unavailable)
rPois   +            j - amulet of reflection
rElec   .            c - +4 ring of protection
rCorr   .            (no ring)
SInv    .            (no ring)
Will    .....        (no ring)
Stlth   +            (no ring)
HPRegen 0.33/turn    (no ring)
MPRegen 0.11/turn    (no ring)
                     (no ring)

%: reflection
@: tree-form, very slow
A: stationary, stasis, torment immunity, boosted hp, almost no armour,
(amphibious), 8 rings, (camouflage 1), (gelatinous body 1), (nimble swimmer 1),
(tentacles)
a: Renounce Religion


You were on level 4 of the Dungeon.
You worshipped Cheibriados.
Cheibriados was noncommittal.
You were a tree.
You visited 2 branches of the dungeon, and saw 5 of its levels.
You also visited: Sewer.

You collected 155 gold pieces.

Inventory:

Missiles
 k - a javelin (quivered)
 l - 3 throwing nets
Jewellery
 c - a +4 ring of protection (left branch)
 j - an amulet of reflection (around neck)
Talismans
 b - a beast talisman
Scrolls
 d - a scroll of teleportation {unknown}
 g - 4 scrolls of identify {unknown}
 h - a scroll of enchant weapon {unknown}
 i - a scroll of vulnerability {unknown}
 m - a scroll of acquirement {unknown}
 n - a scroll of fog {unknown}
 q - a scroll of enchant armour {unknown}
 r - a scroll of noise {unknown}
Potions
 e - 2 potions of heal wounds {unknown}
 f - a potion of attraction {unknown}
 o - a potion of mutation {unknown}
 p - a potion of cancellation {unknown}


   Skills:
 + Level 4.8 Fighting
 - Level 2.0 Dodging
 + Level 7.3 Unarmed Combat
 + Level 1.9 Invocations
 + Level 5.0 Shapeshifting


You had 7 spell levels left.
You didn't know any spells.
Your spell library contained the following spells:

 Spells                   Type           Power      Damage    Failure   Level
 Summon Guardian Golem    Hex/Summ       0%         N/A       69%         3
 Orb of Destruction       Conj           0%         9d5       100%        7
 Spellforged Servitor     Conj/Summ      0%         N/A       100%        7


Dungeon Overview and Level Annotations

Branches:
Dungeon (4/15)             Temple (1/1) D:4           Sewer (visited)

Altars:
Cheibriados
Elyvilon
Fedhas
Makhleb
Qazlal
Sif Muna
Wu Jian
Xom
Zin


Innate Abilities, Weirdness & Mutations

You are a tree.
Your roots penetrate the ground, keeping you stationary.
You cannot be teleported.
You are immune to unholy pain and torment.
Your maximum health is greatly increased.
You cannot wear most types of armour.
((You are amphibious.))
You can wear up to eight rings at the same time.
((Your skin changes colour to match your surroundings (Stealth+).))
((Your rubbery body absorbs attacks. (AC +1, EV +1)))
((You are camouflaged when in or above water. (Stealth+)))
((You have tentacles for arms and can constrict up to eight enemies at once.))


Message History

The jackal bites you but does no damage.
You hit the jackal.
You kill the jackal!
Cheibriados appreciates the change of pace.
You smack the ball python!
You kill the ball python!
Cheibriados appreciates the change of pace.
The orc warrior unwields a +0 long sword.
The orc warrior wields a +0 orcbow.
The orc warrior shoots an arrow.
The arrow hits you but does no damage.
You pummel the dart slug!!
You kill the dart slug!
The orc warrior shoots an arrow.
The arrow hits you but does no damage.
You swing at nothing.
You swing at nothing.
The orc warrior shoots an arrow.
The arrow hits you!
* * * LOW HITPOINT WARNING * * *
Throw: 4 javelins
Press: ? - help, Q - select action, (/) - cycle Shift-Dir - straight line, f - orc warrior
Aim: an orc warrior, wielding a +0 orcbow and wearing a +0 chain mail (52% to hit)
You throw a javelin.
The javelin pierces through the orc warrior!
The orc warrior is moderately wounded.
The orc warrior shoots an arrow.
The arrow hits you but does no damage.
The orc warrior shoots an arrow.
The arrow barely misses you.
Throw: 3 javelins
Press: ? - help, Q - select action, (/) - cycle Shift-Dir - straight line, f/p - orc warrior
Aim: an orc warrior, wielding a +0 orcbow and wearing a +0 chain mail (moderately wounded, 52% to hit)
You throw a javelin.
The javelin pierces through the orc warrior.
The orc warrior is moderately wounded.
The orc warrior shoots an arrow.
The arrow hits you.
* * * LOW HITPOINT WARNING * * *
Throw: 2 javelins
Press: ? - help, Q - select action, (/) - cycle Shift-Dir - straight line, f/p - orc warrior
Aim: an orc warrior, wielding a +0 orcbow and wearing a +0 chain mail (moderately wounded, 52% to hit)
You throw a javelin.
The javelin pierces through the orc warrior.
The orc warrior is moderately wounded.
The orc warrior shoots an arrow.
The arrow hits you!
You die...

...............# ##.###...(... ##
####.....####.## #.# ...... #. #
#.....####..####.### ...... #
#..................# #.#### #
#....####.....####.# #.####
####....# ##...##.$#.# #.##..
...)....# ##.##...#.# #.##.#
####....## #.#...##.######.##.#
####.#...## +#.#♣.##......##...†.
#.).).....###.o†###...#.......(.#
..##†#......(.8...........###.###
####.#....###...###...###..##..#
. ..#...## +#.#' ##..####'###.# #
####..## #.#w ##.##.....#.# #..#
##.##. #.##.#'#.#.# #..# ##...##
#..'.#>#.+.#
###..####.....####..#.###.###


You could see an orc warrior.

Vanquished Creatures
  A hornet (D:4)
  A black bear (D:2)
  A phantom (D:4)
  5 kobold brigands (Sewer)
  A scorpion (D:4)
  2 hounds (D:4)
  A gnoll bouda (D:4)
  An orc wizard (D:4)
  4 gnolls (D:4)
  11 adders
  2 river rats (Sewer)
  8 worms
  3 dart slugs (D:4)
  10 orcs
  14 ball pythons
  11 endoplasms
  5 giant cockroaches
  4 goblins
  4 hobgoblins
  8 jackals
  4 quokkas
  5 bats
  3 frilled lizards
  8 kobolds
  6 rats
123 creatures vanquished.

Notes
Turn   | Place    | Note
-------+----------+-------------------------------------------
     0 | D:1      | LeprechaunX the Octopode Shapeshifter began the quest for
                  | the Orb.
     0 | D:1      | Reached XP level 1. HP: 13/13 MP: 1/1
   114 | D:1      | Reached XP level 2. HP: 18/18 MP: 2/2
   458 | D:1      | Found a faded altar of an unknown god.
   499 | D:2      | Noticed a black bear
   505 | D:2      | Killed a black bear
   506 | D:2      | Reached skill level 4 in Unarmed Combat
   506 | D:2      | Reached XP level 3. HP: 19/25 MP: 3/3
   506 | D:2      | Reached XP level 4. HP: 22/30 MP: 4/4
   506 | D:2      | Reached XP level 5. HP: 26/35 MP: 5/5
  1606 | D:3      | Found a glowing silver altar of Zin.
  1699 | D:3      | Reached skill level 5 in Unarmed Combat
  1914 | D:4      | Reached XP level 6. HP: 34/41 MP: 6/6
  2034 | D:4      | Found a glowing drain.
  2054 | D:4      | Reached XP level 7. HP: 28/46 MP: 7/7
  2084 | D:4      | Reached skill level 6 in Unarmed Combat
  2089 | Sewer    | Entered a sewer
  2684 | Sewer    | Reached skill level 7 in Unarmed Combat
  2684 | Sewer    | Reached XP level 8. HP: 51/54 MP: 8/8
  2846 | D:4      | Found a staircase to the Ecumenical Temple.
  2914 | Temple   | Entered the Ecumenical Temple
  2924 | Temple   | Became a worshipper of Cheibriados the Contemplative
  3071 | D:4      | Noticed a hornet
  3074 | D:4      | Paralysed by a hornet for 2 turns
  3080 | D:4      | Killed a hornet
  3081 | D:4      | Reached skill level 1 in Invocations
  3081 | D:4      | Reached skill level 5 in Shapeshifting
  3090 | D:4      | Shot with an arrow by an orc warrior

Illustrated notes

Levels and vault maps discovered:
D:1:      dpeg_arrival_line_fractal, layout_rooms,
          hellmonk_ecumenical_altar_heavens_door, chequers_serial_rivers_room_b,
          minmay_small_reverse_x
D:2:      layout_basic
D:3:      layout_basic, nicolae_overflow_hidden_temple, wad_orctagon
D:4:      cheibrodos_barr_body, layout_loops_cross,
          nemelex_diamond_rough_becter, minmay_temple_entry_glassed_door,
          gup_sewer_entry_glass, serial_shops,
          nicolae_shop_pleasant_corner_grove, minmay_misc_feat_columns
Temple:   nicolae_temple_godpark

Skill      XL: |  1  2  3  4  5  6  7  8 |
---------------+-------------------------+-----
Fighting       | 2 3 4 |  4.8
Unarmed Combat | 4 5 7 |  7.3
Shapeshifting  | 4 5 |  5.0
Invocations    | 1 |  1.9
Dodging        | |  2.0

Action                     |  1- 3 |  4- 6 |  7- 9 || total
---------------------------+-------+-------+-------++-------
  Melee: Unarmed           |    40 |   106 |    91 ||   237
         Constrict         |    14 |    24 |    24 ||    62
         Tentacles         |    12 |    15 |    20 ||    47
         Punch             |       |     3 |     9 ||    12
  Throw: Javelin           |       |     4 |     3 ||     7
    Use: Potion            |       |       |     1 ||     1
   Stab: Sleeping          |       |     7 |     8 ||    15
 Armour: Skin              |    20 |    23 |    24 ||    67
  Dodge: Dodged            |    36 |    48 |    36 ||   120
  Block: Other             |       |       |     3 ||     3

Table legend: (Time is in decaauts)
 A = Elapsed time spent in this place.
 B = Non-inter-level travel time spent in this place.
 C = Inter-level travel time spent in this place.
 D = Time resting spent in this place.
 E = Time spent auto-exploring this place.
 F = Levels seen in this place.
 G = Mean time per level.
                   A        B        C        D        E       F      G
               +--------+--------+--------+--------+--------+-----+--------+
         Total |   3098 |   2969 |    129 |      0 |   2210 |   6 |  516.3 |
       Dungeon |   2387 |   2267 |    120 |      0 |   1716 |   4 |  596.8 |
        Temple |     23 |     14 |      9 |      0 |      0 |   1 |   23.0 |
         Sewer |    687 |    687 |      0 |      0 |    494 |   1 |  687.0 |
               +--------+--------+--------+--------+--------+-----+--------+

Top non-repeatable levels by time:
     D:2: 787 daAuts
   Sewer: 687 daAuts
     D:3: 587 daAuts
     D:4: 514 daAuts
     D:1: 498 daAuts
  Temple: 23 daAuts
